 Dungeon Crawl Stone Soup version 0.26-b1-57-gb162d0664a (webtiles) character file.

Game seed: 15965742777282037394

494 Goreval the Conjurer (level 7, 0/41 HPs)
             Began as an Octopode Conjurer on Jan 8, 2021.
             Was an Initiate of Nemelex Xobeh.
             Slain by a bullfrog (8 damage)
             ... in a sewer.
             The game lasted 00:07:29 (5961 turns).

Goreval the Conjurer (Octopode Conjurer)            Turns: 5961, Time: 00:07:29

Health: 0/41       AC:  1    Str: 12    XL:     7   Next: 15%
Magic:  1/12       EV: 14    Int: 22    God:    Nemelex Xobeh [......]
Gold:   166        SH:  0    Dex: 11    Spells: 3/13 levels left

rFire    . . .     SeeInvis .   a - +0 dagger
rCold    . . .     Faith    .   (no shield)
rNeg     . . .     Spirit   .   (helmet restricted)
rPois    .         Reflect  .   (no amulet)
rElec    .         Harm     .   c - +6 ring of strength
rCorr    .         Rampage  .   (no ring)
Will     .....                  (no ring)
Stlth    +++++.....             (no ring)
HPRegen  0.13/turn              (no ring)
MPRegen  0.13/turn              (no ring)
                                (no ring)
                                (no ring)

@: no status effects
A: almost no armour, stealthy swim, amphibious, 8 rings, constrict 8, camouflage
1, gelatinous body 1
a: Renounce Religion, Draw Escape, Draw Destruction, Draw Summoning


You were in a sewer.
You worshipped Nemelex Xobeh.
Nemelex Xobeh was noncommittal.
You visited 2 branches of the dungeon, and saw 5 of its levels.
You also visited: Sewer.

You collected 166 gold pieces.

Inventory:

Hand Weapons
 a - a +0 dagger (weapon)
Jewellery
 c - a +6 ring of strength (left tentacle)
 h - an uncursed ring of fire {unknown}
 i - a +4 ring of protection {unknown}
 l - an uncursed amulet of magic regeneration {unknown}
Wands
 r - a wand of polymorph (3)
Scrolls
 b - 3 scrolls of remove curse {unknown}
 e - 4 scrolls of identify {unknown}
 g - 2 scrolls of teleportation {unknown}
 j - a scroll of blinking {unknown}
 n - 5 scrolls of fear {unknown}
 o - a scroll of noise {unknown}
 q - a scroll of fog {unknown}
 s - a scroll of magic mapping {unknown}
Potions
 d - 2 potions of might {unknown}
 f - 3 potions of curing
 k - 2 potions of resistance {unknown}
 m - 4 potions of brilliance {unknown}
 p - a potion of mutation {unknown}


   Skills:
 + Level 3.8 Dodging
 + Level 5.2 Stealth
 + Level 3.5 Spellcasting
 * Level 6.1 Conjurations


You had 3 spell levels left.
You knew the following spells:

 Your Spells              Type           Power        Failure   Level
a - Magic Dart            Conj           100%         1%          1
b - Searing Ray           Conj           60%          1%          2
c - Dazzling Flash        Conj/Hex       34%          10%         3
d - Fulminant Prism       Conj/Hex       8%           32%         4

Your spell library contained the following spells:

 Spells                   Type           Power        Failure   Level
 Iskenderun's Mystic Bla  Conj/Tloc      17%          32%         4


Dungeon Overview and Level Annotations

Branches:
Dungeon (4/15)             Temple (1/1) D:4           Sewer (1/1)

Altars:
Cheibriados
Dithmenos
Elyvilon
Fedhas
Kikubaaqudgha
Nemelex Xobeh
Wu Jian
Xom
The Shining One

Annotations:
D:3 2 transporters, H0rd4k's ghost, weakling DEWz


Innate Abilities, Weirdness & Mutations

You cannot wear most types of armour.
You are very stealthy in the water. (Stealth+)
You are amphibious.
You can wear up to eight rings at the same time.
You can use your tentacles to constrict eight enemies at once.
Your skin changes colour to match your surroundings (Stealth+).
Your rubbery body absorbs attacks. (AC +1, EV +1)


Message History

You kill the bullfrog!
The bullfrog closely misses you. x2
Your Conjurations skill increases to level 6!
You have reached level 7!
The bullfrog misses you.
The bullfrog releases a deep croak.
The bullfrog misses you. The bullfrog hits you.
* * * LOW HITPOINT WARNING * * *
Okay, then.
Okay, then.
Okay, then.
The bullfrog hits you.
* * * LOW HITPOINT WARNING * * *
Here: a bullfrog (water) Some deep water.
The bullfrog closely misses you. The bullfrog hits you!
You die...
Your body disappears without a glow.

####################
###..≈≈≈≈≈≈≈≈≈≈≈≈≈≈≈..
##....≈≈≈≈≈#≈..≈≈≈≈≈≈≈.
#.....≈≈≈≈≈≈#≈≈#≈≈≈≈≈..
#.....≈≈≈≈≈≈≈≈≈≈≈≈≈≈≈≈.
##....≈≈≈≈≈≈≈≈≈≈≈≈≈≈≈≈..
#......@F≈≈≈≈≈≈†≈††≈≈≈..
#....###################
##...#### #....#..#
#.††.'..# #†..#####
##...##
#..††###################
#..††..≈≈≈≈≈≈≈#≈≈≈≈≈≈≈..


You could see a bullfrog.

Vanquished Creatures
  A bullfrog (Sewer)
  A howler monkey (D:2)
  Crazy Yiuf (D:2)
  An orc priest (D:3)
  2 worker ants (D:4)
  4 river rats (Sewer)
  10 adders
  An ooze (Sewer)
  An adder skeleton (D:4)
  4 worms
  A dart slug (D:2)
  A leopard gecko (D:2)
  8 orcs
  13 ball pythons
  12 bats
  5 giant cockroaches
  7 goblins
  16 hobgoblins
  8 jackals
  11 kobolds
  A quokka (D:3)
  6 frilled lizards
  31 rats
146 creatures vanquished.

Vanquished Creatures (others)
  3 plants
  5 toadstools (D:1)
8 creatures vanquished.

Grand Total: 154 creatures vanquished

Notes
Turn   | Place    | Note
-------+----------+-------------------------------------------
     0 | D:1      | Goreval the Octopode Conjurer began the quest for the Orb.
     0 | D:1      | Reached XP level 1. HP: 11/11 MP: 3/3
   123 | D:1      | Reached XP level 2. HP: 17/17 MP: 1/5
   126 | D:1      | Learned a level 2 spell: Searing Ray
   665 | D:1      | Reached XP level 3. HP: 16/21 MP: 6/6
   674 | D:1      | Learned a level 3 spell: Dazzling Flash
  1693 | D:2      | Found an ornate altar of the Wu Jian Council.
  1695 | D:2      | Found a broken altar of Ashenzari.
  1695 | D:2      | Found a shimmering altar of Xom.
  1697 | D:2      | Found an opulent altar of Gozag.
  1697 | D:2      | Found a shimmering altar of Xom.
  1697 | D:2      | Found a shimmering altar of Xom.
  1907 | D:2      | Found a glowing golden altar of the Shining One.
  1914 | D:2      | Reached XP level 4. HP: 27/27 MP: 2/7
  2238 | D:2      | Found a runed translucent door.
  2239 | D:2      | Noticed Crazy Yiuf
  2573 | D:2      | Found an ancient bone altar of Kikubaaqudgha.
  2662 | D:2      | Reached XP level 5. HP: 21/31 MP: 0/9
  3010 | D:2      | Reached skill level 5 in Conjurations
  3256 | D:2      | Killed Crazy Yiuf
  3367 | D:3      | Found a shadowy altar of Dithmenos.
  4103 | D:3      | Found a transporter.
  4106 | D:3      | Found a transporter.
  4181 | D:3      | Noticed H0rd4k's ghost (weakling DEWz)
  4181 | D:3      | Noticed a two-headed ogre
  4252 | D:3      | Found a snail-covered altar of Cheibriados.
  4347 | D:3      | Reached XP level 6. HP: 23/36 MP: 0/10
  4453 | D:3      | Learned a level 4 spell: Fulminant Prism
  4494 | D:3      | Found an ornate altar of the Wu Jian Council.
  4550 | D:3      | Found a white marble altar of Elyvilon.
  4950 | D:4      | Found a staircase to the Ecumenical Temple.
  4957 | Temple   | Entered the Ecumenical Temple
  5000 | Temple   | Became a worshipper of Nemelex Xobeh the Trickster
  5116 | D:4      | Found a glowing drain.
  5125 | Sewer    | Entered a sewer
  5661 | Sewer    | Reached skill level 5 in Stealth
  5955 | Sewer    | Reached skill level 6 in Conjurations
  5955 | Sewer    | Reached XP level 7. HP: 14/41 MP: 0/12
  5961 | Sewer    | Slain by a bullfrog

Illustrated notes

Levels and vault maps discovered:
D:1:      ldierk_walled_garden, layout_basic, minmay_tetromino_i4
D:2:      layout_loops_corners, doesnt_xom_only_xom,
          lemuel_coloured_pillars_altar, lemuel_round_altar,
          kennysheep_generic_room_10, uniq_crazy_yiuf_cottage
D:3:      layout_basic, lemuel_round_altar, old_standard_altar,
          lemuel_round_altar, marbit_many_paths, gammafunk_ghost_arena
D:4:      lemuel_castle_with_subvaults [lemuel_castle_interior_original],
          layout_rooms, temple_statues, cheibrodos_sewer_entry_drain,
          serial_shops, kennysheep_mini_moat
Temple:   nicolae_temple_figure_zero
Sewer:    sewer_minmay_w

Skill      XL: |  1  2  3  4  5  6 |
---------------+-------------------+-----
Stealth        | 3 4 5 |  5.2
Conjurations   | 5 6 |  6.1
Dodging        | 3 |  3.8
Spellcasting   | 3 |  3.5

Action                   |  1- 3 |  4- 6 |  7- 9 || total
-------------------------+-------+-------+-------++-------
Melee: Dagger            |    35 |    59 |       ||    94
       Constrict         |    10 |    16 |       ||    26
       Tentacles         |     5 |    15 |       ||    20
 Cast: Magic Dart        |    61 |   160 |       ||   221
       Searing Ray       |     3 |    12 |       ||    15
  Use: Potion            |       |     2 |       ||     2
 Stab: Sleeping          |       |     3 |       ||     3
Armor: Skin              |     6 |     6 |       ||    12
Dodge: Dodged            |    27 |    62 |     3 ||    92
